 Dungeon Crawl Stone Soup version 0.21.1-1-g345015fe64 (webtiles) character file.

943 Razbojnik the Magician (level 7, -19/38 HPs)
             Began as a Deep Elf Conjurer on July 26, 2018.
             Was a Follower of Vehumet.
             Demolished by an orc warrior
             ... wielding a +0 morningstar
              (22 damage)
             ... on level 5 of the Dungeon on July 27, 2018.
             The game lasted 00:30:34 (6013 turns).

Razbojnik the Magician (Deep Elf Conjurer)          Turns: 6013, Time: 00:30:35

Health: -19/38     AC:  4    Str:  5    XL:     7   Next: 88%
Magic:  11/19      EV: 14    Int: 22    God:    Vehumet [*.....]
Gold:   257        SH:  0    Dex: 15    Spells: 10/20 levels left

rFire    . . .     SeeInvis .   C - +3 hunting sling
rCold    . . .     Gourm    .   (no shield)
rNeg     . . .     Faith    .   a - +0 robe
rPois    .         Spirit   .   y - +2 hat
rElec    .         Reflect  .   L - scarf {cloud immunity}
rCorr    .         Harm     .   (no gloves)
MR       .....                  (no boots)
Stlth    +++.......             (no amulet)
HPRegen  0.12/turn              (no ring)
MPRegen  0.16/turn              (no ring)

@: no status effects
A: no striking features
a: Renounce Religion


You were on level 5 of the Dungeon.
You worshipped Vehumet.
Vehumet was aware of your devotion.
You were hungry.

You visited 2 branches of the dungeon, and saw 7 of its levels.

You collected 257 gold pieces.

Inventory:

Hand Weapons
 h - a +0 dagger
 A - a +4 dagger
 C - a +3 hunting sling (weapon)
Missiles
 l - 32 poisoned needles
 B - 7 curare-tipped needles
 E - 50 sling bullets (quivered)
Armour
 a - a +0 robe (worn)
 w - a +0 shield
 y - a +2 hat (worn)
 L - a scarf of cloud immunity (worn)
Jewellery
 f - a cursed -2 ring of evasion {unknown}
 p - an uncursed amulet of guardian spirit {unknown}
 s - an uncursed amulet of rage {unknown}
 H - an uncursed ring of wizardry {unknown}
Scrolls
 d - a scroll of remove curse {unknown}
 e - a scroll of fear {unknown}
 i - 2 scrolls of magic mapping {unknown}
 m - 6 scrolls of identify {unknown}
 n - 3 scrolls of noise {unknown}
 q - 2 scrolls of teleportation {unknown}
 u - 2 scrolls of enchant armour {unknown}
 x - a scroll of amnesia {unknown}
 J - a scroll of vulnerability {unknown}
 K - 2 scrolls of fog {unknown}
Potions
 g - a potion of flight {unknown}
 j - 2 potions of might {unknown}
 k - a potion of resistance {unknown}
 o - a potion of haste {unknown}
 r - a potion of degeneration {unknown}
 t - 2 potions of lignification {unknown}
 v - a potion of ambrosia {unknown}
 z - 2 potions of agility {unknown}
 D - a potion of cancellation {unknown}
 F - a potion of heal wounds
 G - a potion of curing {unknown}
Books
 b - a book of Conjurations

   Spells                             Type                      Level
   a - Magic Dart                     Conjuration                  1
   b - Searing Ray                    Conjuration                  2
   c - Dazzling Spray                 Conjuration/Hexes            3
   d - Fulminant Prism                Conjuration/Hexes            4
   e - Force Lance                    Conjuration/Translocation    4
   f - Iskenderun's Mystic Blast      Conjuration                  4
Comestibles
 c - 11 rations


   Skills:
 - Level 1.3 Fighting
 + Level 1.1 Throwing
 + Level 4.0 Dodging
 - Level 4.1 Stealth
 + Level 7.0 Spellcasting
 - Level 6.0 Conjurations
 - Level 6.1 Hexes


You had 10 spell levels left.
You knew the following spells:

 Your Spells              Type           Power        Failure   Level  Hunger
a - Magic Dart            Conj           ####         1%          1    None
b - Searing Ray           Conj           ####..       1%          2    None
c - Dazzling Spray        Conj/Hex       ####..       1%          3    None
d - Fulminant Prism       Conj/Hex       ####......   7%          4    ###....


Dungeon Overview and Level Annotations

Branches:
Dungeon (6/15)             Temple (1/1) D:4

Altars:
Ashenzari
Cheibriados
Dithmenos
Gozag
Kikubaaqudgha
Nemelex Xobeh
Okawaru
Qazlal
Sif Muna
Trog
Uskayaw
Vehumet
Wu Jian
Xom
Yredelemnul
Zin
The Shining One

Annotations:
D:2 Terence
D:4 Dowan, Duvessa


Message History

Casting: Dazzling Spray
Confirm with . or Enter, or press ? or * to list all spells.
You don't know that spell.
Casting: Dazzling Spray
Confirm with . or Enter, or press ? or * to list all spells.
Aiming: Searing Ray
Press: ? - help, Shift-Dir - straight line, f/p - orc warrior
Aim: an orc warrior, wielding a morningstar and wearing a plate armour (blind)
The searing ray hits the orc warrior. (Press . to maintain the ray.)
The orc warrior hits you with a morningstar!
The orc warrior is no longer blind.
The orc warrior hits you with a morningstar!!
Ouch! That really hurt!
* * * LOW HITPOINT WARNING * * *
Things that are here:
a hand axe; an orc corpse The orc warrior hits you with a morningstar!!
Ouch! That really hurt!
You die...

.#########....#..########.#....#
.#......##.##...........#.#.#####
...†.............#####....#.##...
.........#.###...# #....#..'...
.........#.# #...# #....####...
.#.......#.# #...# ##.#.# #...
.........#.# #...# #.#.# #...
.#########.# #...# #.#.#######
.......# #.# #..@# #.#....###
..####.# #.# #.o)# #.####...##
...###.###.# #.)># #.# #(#..#
#..#.......####################.#
#..#.#.###.#....................#
#..#.#.# #.#..#...#...#...#...#.#
#..#.#.# #.#_...................#
#..#.#.###.#..#...#...#...#...###
#..#.#.....#...................#


You could see an orc warrior.

Vanquished Creatures
  An ice beast (D:5)
  A phantom (D:4)
  A scorpion (D:5)
  3 crimson imps (D:5)
  A jelly (D:5)
  3 orc priests (D:5)
  A centaur skeleton (D:6)
  2 hounds
  A bullfrog skeleton (D:4)
  4 orc wizards
  3 worker ants
  A hound zombie (D:5)
  5 adders
  A shadow imp (D:6)
  An adder zombie (D:6)
  4 worms
  A dart slug (D:2)
  8 leopard geckos
  13 orcs
  2 ball pythons
  9 bats
  6 giant cockroaches
  4 goblins
  9 hobgoblins
  11 jackals
  6 kobolds
  2 quokkas
  4 frilled lizards
  A leopard gecko zombie (D:5)
  7 rats
116 creatures vanquished.

Vanquished Creatures (others)
  7 fulminant prisms
7 creatures vanquished.

Grand Total: 123 creatures vanquished

Notes
Turn   | Place    | Note
-------+----------+-------------------------------------------
     0 | D:1      | Razbojnik the Deep Elf Conjurer began the quest for the Orb.
     0 | D:1      | Reached XP level 1. HP: 10/10 MP: 6/6
   403 | D:1      | Reached XP level 2. HP: 15/15 MP: 1/8
   419 | D:1      | Learned a level 2 spell: Searing Ray
  1285 | D:2      | Reached skill level 4 in Spellcasting
  1351 | D:2      | Found a bloodstained altar of Trog.
  1362 | D:2      | Found a glowing golden altar of the Shining One.
  1389 | D:2      | Reached skill level 5 in Conjurations
  1389 | D:2      | Reached XP level 3. HP: 19/19 MP: 5/10
  1394 | D:2      | Learned a level 3 spell: Dazzling Spray
  1502 | D:2      | Reached skill level 1 in Hexes
  1695 | D:2      | Noticed Terence
  2082 | D:3      | Found an ornate altar of the Wu Jian Council.
  2208 | D:3      | Reached XP level 4. HP: 24/24 MP: 8/12
  2214 | D:3      | Learned a level 4 spell: Fulminant Prism
  3056 | D:4      | Noticed Dowan
  3056 | D:4      | Noticed a phantom
  3060 | D:3      | Reached XP level 5. HP: 27/28 MP: 8/13
  3241 | D:4      | Killed a phantom
  3241 | D:4      | Reached skill level 5 in Spellcasting
  3241 | D:4      | Reached skill level 5 in Hexes
  3356 | D:4      | Noticed Duvessa
  3391 | D:4      | Reached XP level 6. HP: 32/32 MP: 12/16
  3631 | D:4      | Reached skill level 6 in Spellcasting
  3821 | D:4      | Found a staircase to the Ecumenical Temple.
  3830 | Temple   | Entered the Ecumenical Temple
  3897 | Temple   | Became a worshipper of Vehumet
  4010 | D:5      | Entered Level 5 of the Dungeon
  4191 | D:5      | Reached XP level 7. HP: 23/36 MP: 7/18
  5207 | D:5      | Reached skill level 1 in Fighting
  5230 | D:5      | Found a snail-covered altar of Cheibriados.
  5673 | D:6      | Reached * piety under Vehumet
  5673 | D:6      | Offered knowledge of Sandblast by Vehumet.
  5769 | D:6      | Reached skill level 1 in Throwing
  5769 | D:6      | Reached skill level 7 in Spellcasting
  6013 | D:5      | Demolished by an orc warrior

Skill      XL: |  1  2  3  4  5  6  7 |
---------------+----------------------+-----
Spellcasting   | 4 5 6 7 |  7.0
Conjurations   | 5 6 |  6.0
Hexes          | 3 4 5 6 |  6.1
Stealth        | 3 4 |  4.1
Dodging        | 4 |  4.0
Fighting       | 1 |  1.3
Throwing       | 1 |  1.1

Action                   |  1- 3 |  4- 6 |  7- 9 || total
-------------------------+-------+-------+-------++-------
Melee: Dagger            |       |     3 |       ||     3
 Fire: Hunting sling     |       |     8 |     4 ||    12
Throw: Stone             |    11 |     1 |       ||    12
 Cast: Magic Dart        |    63 |    39 |    19 ||   121
       Searing Ray       |    11 |    18 |    10 ||    39
       Dazzling Spray    |     1 |     3 |    12 ||    16
       Fulminant Prism   |       |     1 |     6 ||     7
 Stab: Sleeping          |       |     3 |       ||     3
  Eat: Chunk             |     4 |     6 |     6 ||    16
Armor: Robe              |     3 |     8 |       ||    11
Dodge: Dodged            |       |     7 |    21 ||    28
